 Dungeon Crawl Stone Soup version 0.23-a0-899-gbbae0a3 (webtiles) character file.

Game seed: 16392119739381618748

196 Mgcat the Chopper (level 5, 0/48 HPs)
             Began as a Hill Orc Fighter on Jan 29, 2019.
             Slain by an orc priest
             ... wielding a +2 mace of protection
              (7 damage)
             ... on level 3 of the Dungeon.
             The game lasted 00:03:50 (1870 turns).

Mgcat the Chopper (Hill Orc Fighter)                Turns: 1870, Time: 00:03:52

Health: 0/48       AC: 11    Str: 20    XL:     5   Next: 75%
Magic:  5/5        EV:  7    Int:  8    God:
Gold:   104        SH:  9    Dex: 10    Spells: 4/4 levels left

rFire    + . .     SeeInvis .   a - +0 war axe
rCold    . . .     Gourm    .   c - +0 shield
rNeg     . . .     Faith    .   b - +0 scale mail
rPois    .         Spirit   .   (no helmet)
rElec    .         Reflect  .   l - +2 cloak
rCorr    .         Harm     .   (no gloves)
MR       .....                  k - +0 pair of boots
Stlth    ..........             (no amulet)
HPRegen  0.16/turn              i - ring of protection from fire {rF+, !d}
MPRegen  0.09/turn              (no ring)

@: no status effects
A: no striking features
a: Convert to Beogh


You were on level 3 of the Dungeon.
You were not hungry.

You visited 1 branch of the dungeon, and saw 3 of its levels.

You collected 104 gold pieces.

Inventory:

Hand Weapons
 a - a +0 war axe (weapon)
Armour
 b - a +0 scale mail (worn)
 c - a +0 shield (worn)
 k - a +0 pair of boots (worn)
   (You found it on level 2 of the Dungeon)
 l - a +2 cloak (worn)
   (You found it on level 2 of the Dungeon)
Jewellery
 i - a ring of protection from fire (left hand) {rF+, !d}
   (You found it on level 1 of the Dungeon)
Scrolls
 e - a scroll of immolation {unknown}
 g - 3 scrolls of identify {unknown}
 m - a scroll of magic mapping {unknown}
 o - a scroll of enchant armour {unknown}
 p - 2 scrolls of enchant weapon {unknown}
 q - a scroll of teleportation {unknown}
Potions
 d - a potion of might
 j - a potion of ambrosia {unknown}
 n - 2 potions of haste {unknown}
Comestibles
 f - 9 rations
 h - 12 chunks of flesh {@w0}


   Skills:
 - Level 5.0 Fighting
 + Level 6.6 Axes
 - Level 3.2 Armour
 - Level 3.2 Shields


You had 4 spell levels left.
You didn't know any spells.
Your spell library was empty.

Dungeon Overview and Level Annotations

Branches:
Dungeon (3/15)

Altars:
Fedhas
Kikubaaqudgha
Trog


Message History

a frilled lizard skeleton x2
Things that are here:
a frilled lizard skeleton x2
You see here a frilled lizard skeleton.
An orc comes into view. It is wielding a +0 falchion.
The orc shouts!
You hear a shout! x2
An orc comes into view. It is wielding a +0 short sword.
The orc moves out of view.
Health restored: 48 An orc wizard comes into view.
It is wielding a +0 dagger.
The orc shouts!
The orc wizard shouts!
An orc priest comes into view. It is wielding a +2 mace of protection.
The orc wizard moves out of view.
Spoiler Alert: The orc priest can smite you!
Unknown command.
Unknown command.
Unknown command.
Spoiler Alert: The orc wizard might cast Slow, Confuse, Throw Frost, or go Invisible!
Spoiler Alert: The orc wizard might cast Slow, Confuse, Throw Frost, or go Invisible!
The orc wizard gestures at you while chanting.
You resist. The puff of flame hits you.
You take 3 damage, and have 45/48 hp.
Spoiler Alert: The orc wizard might cast Slow, Confuse, Throw Frost, or go Invisible!
You start resting.
The orc wizard is too close now for your liking.
Spoiler Alert: The orc wizard might cast Slow, Confuse, Throw Frost, or go Invisible!
The orc wizard points at you and mumbles some strange words.
You resist with some effort.
You see here a frilled lizard skeleton.
Spoiler Alert: The orc wizard might cast Slow, Confuse, Throw Frost, or go Invisible!
Spoiler Alert: The orc wizard might cast Slow, Confuse, Throw Frost, or go Invisible!
You barely miss the orc. You block the orc's attack.
You hit the orc.
The orc is lightly wounded.
Warning x2: The orc wizard might cast Slow, Confuse, Throw Frost, or go Invisible!
The orc priest can smite you!
The orc priest shouts, "Join the one true god or die!" (press Y on the ability menu to convert to Beogh)
You slice the orc!!
You kill the orc!
You barely miss the orc wizard.
The orc wizard gestures wildly while chanting.
The orc wizard flickers and vanishes!
Deactivating autopickup; reactivate with Ctrl-A.
Spoiler Alert: The orc priest can smite you!
Unknown command.
Unknown command.
Unknown command.
You closely miss something.
You hear some strange, mumbled words.
A magic dart appears from out of thin air!
The magic dart hits you but does no damage.
The orc priest shouts, "Join the one true god or die!"
Health restored: 48 Spoiler Alert: The orc priest can smite you!
You slash something!
The orc priest calls down the wrath of Beogh upon you.
Beogh smites you!
You hear some strange, mumbled words.
A magic dart appears from out of thin air!
The magic dart hits you.
You take 17 damage, and have 31/48 hp.
MASSIVE DAMAGE!!
Spoiler Alert: The orc priest can smite you!
You are too injured to fight recklessly!
You are too injured to fight recklessly!
You are too injured to fight recklessly!
You are too injured to fight recklessly!
You are too injured to fight recklessly!
You hit the orc.
The orc is severely wounded.
Your scale mail prevents you from hitting something.
The orc closely misses you.
The orc priest calls upon Beogh to heal the orc.
The orc's wounds heal themselves!
Something hits you but does no damage. You block the orc's attack.
Spoiler Alert: The orc priest can smite you!
You slash the orc!
You kill the orc!
You miss something.
The orc priest mumbles some strange prayers to Beogh against you.
Pain shoots through your body! You block something's attack.
You take 11 damage, and have 20/48 hp.
MASSIVE DAMAGE!!
Spoiler Alert: The orc priest can smite you!
You block the orc priest's attack. You block something's attack.
Things that are here:
a +0 short sword; an orc corpse You hit the orc priest but do no damage.
The orc priest shouts, "Beogh is our master!
Accept the truth or die!"
You miss something.
The orc priest hits you but does no damage.
Something hits you but does no damage.
Spoiler Alert: The orc priest can smite you!
The orc priest shouts, "Join the one true god or die!"
You hit the orc priest but do no damage.
You completely miss something. Something hits you.
The orc priest mumbles some strange prayers to Beogh against you.
Beogh smites you!
* * * LOW HITPOINT WARNING * * *
Something hits you but does no damage.
The orc priest hits you with a +2 mace of protection!
You die...

##P.P# #P.P.# #########
#.PPP# ........# #...P##
#######.#####...÷÷#
#....####.P.# ####>.# ###÷#
##†####{.#
#.÷.##@##########.
#############...o...........
....)..................####
####....(...##########..o#
.....######## #o.# ######
.o. .o


You could see an orc priest.

Vanquished Creatures
  An orc wizard (D:3)
  Jessica (D:3)
  7 adders
  An ooze (D:1)
  2 dart slugs
  4 leopard geckos
  4 orcs (D:3)
  7 bats
  5 giant cockroaches (D:2)
  8 goblins
  3 hobgoblins (D:2)
  2 jackals (D:1)
  A ball python (D:3)
  9 frilled lizards
  8 kobolds
  6 rats
69 creatures vanquished.

Notes
Turn   | Place    | Note
-------+----------+-------------------------------------------
     0 | D:1      | Mgcat the Hill Orc Fighter began the quest for the Orb.
     0 | D:1      | Reached XP level 1. HP: 19/19 MP: 1/1
   130 | D:1      | Reached skill level 3 in Axes
   130 | D:1      | Reached XP level 2. HP: 27/27 MP: 2/2
   132 | D:1      | Reached skill level 4 in Fighting
   779 | D:2      | Reached XP level 3. HP: 30/34 MP: 3/3
   825 | D:2      | Found a bloodstained altar of Trog.
  1067 | D:2      | Found a blossoming altar of Fedhas.
  1069 | D:2      | Found an ancient bone altar of Kikubaaqudgha.
  1080 | D:2      | Reached skill level 4 in Axes
  1140 | D:2      | Reached XP level 4. HP: 39/41 MP: 4/4
  1225 | D:2      | Reached skill level 5 in Fighting
  1435 | D:2      | Reached skill level 5 in Axes
  1575 | D:3      | Noticed Jessica
  1587 | D:3      | Killed Jessica
  1587 | D:3      | Reached XP level 5. HP: 48/48 MP: 5/5
  1712 | D:3      | Reached skill level 6 in Axes
  1870 | D:3      | HP: 7/48 [orc priest/divine providence (12)]
  1870 | D:3      | Slain by an orc priest

Vault maps used:
D:1:      psy_arrival_radial02, kennysheep_decorative_pillar
D:2:      grunt_temple_overflow_growth_and_decay, first_ration, bloody_trog
D:3:      minmay_lizard_king, uniq_sigmund, uniq_jessica

Skill      XL: |  1  2  3  4  5 |
---------------+----------------+-----
Axes           | 3 4 5 6 |  6.6
Fighting       | 4 5 |  5.0
Armour         | |  3.2
Shields        | |  3.2

Action                   |  1- 3 |  4- 6 || total
-------------------------+-------+-------++-------
Melee: War axe           |    90 |   145 ||   235
  Eat: Chunk             |     1 |     3 ||     4
Armor: Scale mail        |    36 |    70 ||   106
Dodge: Dodged            |    31 |    40 ||    71
Block: Shield            |    42 |    68 ||   110

Table legend:
 A = Non-vault XP
 B = Vault XP
 C = Vault XP percentage of total XP
 D = Non-vault monster count
 E = Vault monster count
 F = Vault count percentage of total count
                 A         B        C        D         E       F
            +---------+---------+-------+---------+---------+-------
      Total |     233 |      48 |  17.1 |      59 |      10 |  14.5
            +---------+---------+-------+---------+---------+-------
        D:1 |      31 |       0 |   0.0 |      14 |       0 |   0.0
        D:2 |     120 |       0 |   0.0 |      29 |       0 |   0.0
        D:3 |      82 |      48 |  36.9 |      16 |      10 |  38.5
            +---------+---------+-------+---------+---------+-------

Vault maps used:
D:1:      psy_arrival_radial02, kennysheep_decorative_pillar
D:2:      grunt_temple_overflow_growth_and_decay, first_ration, bloody_trog
D:3:      minmay_lizard_king, uniq_sigmund, uniq_jessica

Table legend:
 A = Turns spent in this place as a percentage of turns spent in the entire game.
 B = Non-inter-level travel turns spent in this place as a percentage of non-inter-level travel turns spent in the entire game.
 C = Inter-level travel turns spent in this place as a percentage of turns spent in this place.
 D = Turns resting spent in this place as a percentage of non-inter-level travel turns spent in this place.
 E = Turns spent auto-exploring this place as a percentage of non-inter-level travel turns spent in this place.
 F = Non-inter-level travel turns spent in this place divided by the number of levels of this place that you've seen.
                   A       B       C       D       E      F
               +-------+-------+-------+-------+-------+----------------------
         Total | 100.0 | 100.0 |   5.8 |   0.5 |  76.0 | 587.3
       Dungeon | 100.0 | 100.0 |   5.8 |   0.5 |  76.0 | 587.3
               +-------+-------+-------+-------+-------+----------------------

Table legend:
 A = Kills in this place as a percentage of kills in entire the game.
 B = Kills by you in this place as a percentage of kills by you in the entire game.
 C = Kills by friends in this place as a percentage of kills by friends in the entire game.
 D = Other kills in this place as a percentage of other kills in the entire game.
 E = Experience gained in this place as a percentage of experience gained in the entire game.
 F = Experience gained in this place divided by the number of levels of this place that you have seen.
                   A       B       C       D       E      F
               +-------+-------+-------+-------+-------+----------------------
         Total | 100.0 | 100.0 |   N/A |   N/A | 100.0 |  93.7
       Dungeon | 100.0 | 100.0 |   N/A |   N/A | 100.0 |  93.7
               +-------+-------+-------+-------+-------+----------------------
